 Dungeon Crawl Stone Soup version 0.29.1-1-gd02db6906a (webtiles) character file.

Game seed: 13263650198337485541

663 Hadkhar the Trooper (level 7, -11/66 HPs)
             Began as a Naga Fighter on Oct 9, 2022.
             Was a Follower of Cheibriados.
             Mangled by a wyvern (12 damage)
             ... on level 5 of the Dungeon.
             The game lasted 00:31:56 (4916 turns).

Hadkhar the Trooper (Naga Fighter)                  Turns: 4916, Time: 00:31:57

Health: -11/66     AC:  7    Str: 22    XL:     7   Next: 56%
Magic:  7/7        EV:  7    Int: 10    God:    Cheibriados [*.....]
Gold:   381        SH:  5    Dex: 13    Spells: 6/6 levels left

rFire   . . .      SeeInvis +   a - +0 war axe
rCold   . . .      Faith    .   c - +0 buckler
rNeg    . . .      Spirit   .   b - +0 scale mail
rPois   +          Reflect  .   y - +1 hat
rElec   .          Harm     .   (no cloak)
rCorr   .          Rampage  .   (no gloves)
Will    .....                   (no barding)
Stlth   +.........              F - amulet of regeneration
HPRegen 1.01/turn               (no ring)
MPRegen 0.10/turn               (no ring)

@: very slow
A: AC +2, large, see invisible, deformed body, poison resistance, slowness 2,
spit poison 1, naga tail 1
a: Spit Poison, Renounce Religion, Bend Time


You were on level 5 of the Dungeon.
You worshipped Cheibriados.
Cheibriados was aware of your devotion.
You visited 2 branches of the dungeon, and saw 6 of its levels.

You collected 381 gold pieces.

Inventory:

Hand Weapons
 a - a +0 war axe (weapon)
 z - a +0 whip of venom
Missiles
 t - 7 boomerangs
Armour
 b - a +0 scale mail (worn)
 c - a +0 buckler (worn)
 o - a +0 chain mail
 y - a +1 hat (worn)
Jewellery
 F - an amulet of regeneration (around neck)
Wands
 u - a wand of digging (3)
 v - a wand of polymorph (4)
 x - a wand of paralysis (13)
 J - a wand of roots (11)
Scrolls
 g - 2 scrolls of teleportation {unknown}
 i - 3 scrolls of immolation {unknown}
 j - a scroll of magic mapping {unknown}
 k - 2 scrolls of butterflies {unknown}
 n - 2 scrolls of fear {unknown}
 p - a scroll of blinking {unknown}
 q - 3 scrolls of enchant armour {unknown}
 r - 6 scrolls of identify {unknown}
 w - 3 scrolls of poison {unknown}
 A - a scroll of brand weapon {unknown}
 D - a scroll of vulnerability {unknown}
 H - a scroll of silence {unknown}
 I - a scroll of amnesia {unknown}
Potions
 d - a potion of might
 e - 6 potions of curing {unknown}
 f - a potion of resistance {unknown}
 h - 2 potions of mutation {unknown}
 l - 2 potions of haste {unknown}
 m - 3 potions of heal wounds {unknown}
 s - 3 potions of flight {unknown}
 B - a potion of invisibility {unknown}
 C - a potion of lignification {unknown}
 E - 2 potions of degeneration {unknown}
 G - a potion of berserk rage {unknown}


   Skills:
 + Level 4.7 Fighting
 + Level 4.1 Axes
 + Level 3.9 Armour
 - Level 4.5 Stealth
 + Level 4.2 Shields


You had 6 spell levels left.
You didn't know any spells.
Your spell library contained the following spells:

 Spells                   Type           Power      Damage    Failure   Level
 Beastly Appendage        Tmut           0%         N/A       75%         1
 Blink                    Tloc           0%         N/A       87%         2
 Ensorcelled Hibernation  Hex/Ice        0%         N/A       87%         2
 Passwall                 Tmut/Erth      0%         N/A       87%         2
 Wereblood                Tmut           0%         N/A       87%         2
 Gell's Gravitas          Tloc           0%         N/A       98%         3
 Lesser Beckoning         Tloc           0%         N/A       98%         3
 Spider Form              Tmut/Pois      0%         N/A       98%         3
 Swiftness                Air            0%         N/A       98%         3
 Teleport Other           Tloc           0%         N/A       98%         3
 Manifold Assault         Tloc           0%         N/A       100%        5
 Malign Gateway           Summ/Tloc      0%         N/A       100%        7
 Summon Horrible Things   Summ           0%         N/A       100%        8


Dungeon Overview and Level Annotations

Branches:
Dungeon (5/15)             Temple (1/1) D:4

Altars:
Ashenzari
Cheibriados
Dithmenos
Fedhas
Gozag
Hepliaklqana
Makhleb
Nemelex Xobeh
Okawaru
Ru
Sif Muna
Trog
Vehumet
Wu Jian
Xom
The Shining One

Shops:
D:1 (


Innate Abilities, Weirdness & Mutations

Your serpentine skin is tough. (AC +2)
You have supernaturally acute eyesight. (SInv)
Armour fits poorly on your strangely shaped body.
Your system is resistant to poisons. (rPois)
You cover ground very slowly.
You can spit poison.
You have a snake-like lower body.


Message History

Aim: an ogre, wielding a +0 giant club (81% to hit)
The splash of poison hits the ogre!
The ogre is heavily wounded.
You hit the ogre but do no damage.
The ogre is heavily wounded.
The ogre hits you with a +0 giant club!!
You barely miss the ogre.
The ogre is heavily wounded.
You block the ogre's attack.
You slash the ogre!
The ogre is almost dead.
You have got your breath back.
The ogre barely misses you.
You hit the ogre.
You kill the ogre!
Cheibriados thoroughly appreciates the change of pace.
Your Axes skill increases to level 4!
You start resting.
HP restored.
Unknown command.
An ogre comes into view. It is wielding a +0 giant club.
The ogre shouts!
You hear a bark!
The ogre hits you with a +0 giant club!! x2
* * * LOW HITPOINT WARNING * * *
Aiming: Polymorph
Press: ? - help, Q - select action, (/) - cycle Shift-Dir - straight line, f - ogre
Aim: an ogre, wielding a +0 giant club (will become an ice beast, a wyvern, or a hound, chance to affect: 49%)
The ogre evaporates and reforms as a wyvern!
The wyvern bites you.
* * * LOW HITPOINT WARNING * * *
You hit the wyvern but do no damage. You block the wyvern's attack.
A hound comes into view.
The wyvern bites you.
* * * LOW HITPOINT WARNING * * *
You hit the wyvern.
The wyvern is lightly wounded.
The wyvern bites you!
* * * LOW HITPOINT WARNING * * *
The wyvern bites you!
You die...

#...# #..........)...##
#.### #.......###.#####
#.# #.#####.###.# # #.#
#.# #.......# # #<# #.#
#.#.##### # #.# #.# #.#.#
# #.# #.###.#.# #
#.#######.##....# #
#.##..h.@....#..# #
#.##.####l##...##########
#.# #.###.###...))...
#####.# ..# .# #.#######
#.....# ##.###.###.###
#.######. .........>..#
#.# #. #.##..##.##.####
#.# #. ..## ..#.......##
#.# .## # #.#.......


You could see a wyvern and a hound.

Vanquished Creatures
  An ogre (D:5)
  A necrophage (D:4)
  2 scorpions (D:4)
  3 orc priests
  A jelly (D:5)
  Ijyb (D:3)
  An iguana (D:3)
  6 adders
  7 gnolls (D:5)
  A worm (D:2)
  3 dart slugs
  10 orcs
  11 endoplasms
  3 giant cockroaches
  6 goblins
  10 hobgoblins
  5 jackals
  3 quokkas
  2 ball pythons (D:1)
  8 bats
  6 frilled lizards
  11 kobolds
  4 rats
106 creatures vanquished.

Notes
Turn   | Place    | Note
-------+----------+-------------------------------------------
     0 | D:1      | Hadkhar the Naga Fighter began the quest for the Orb.
     0 | D:1      | Reached XP level 1. HP: 21/21 MP: 1/1
   363 | D:1      | Reached XP level 2. HP: 28/28 MP: 2/2
   585 | D:1      | Found Lofeanacs's Antique Weapon Boutique.
   642 | D:1      | Reached XP level 3. HP: 34/34 MP: 3/3
  1154 | D:2      | Found a faded altar of an unknown god.
  1813 | D:2      | Reached skill level 1 in Stealth
  1938 | D:3      | Noticed Ijyb
  2103 | D:3      | Killed Ijyb
  2104 | D:3      | Reached XP level 4. HP: 10/42 MP: 4/4
  2452 | D:3      | Reached XP level 5. HP: 50/50 MP: 5/5
  2459 | D:3      | Found a shimmering blue altar of Sif Muna.
  3595 | D:4      | Reached XP level 6. HP: 49/57 MP: 6/6
  3744 | D:4      | Found a staircase to the Ecumenical Temple.
  3758 | Temple   | Entered the Ecumenical Temple
  3879 | Temple   | Became a worshipper of Cheibriados the Contemplative
  3951 | D:4      | Found a bloodstained altar of Trog.
  4273 | D:5      | Entered Level 5 of the Dungeon
  4387 | D:5      | Reached XP level 7. HP: 60/66 MP: 7/7
  4729 | D:5      | Reached * piety under Cheibriados
  4914 | D:5      | Noticed a wyvern
  4914 | D:5      | an ogre changed into a wyvern
  4916 | D:5      | HP: 1/66 [wyvern (12)]
  4916 | D:5      | Mangled by a wyvern

Illustrated notes

Levels and vault maps discovered:
D:1:      zelgadis_glass_arrival_small, layout_basic, serial_shops, shop
D:2:      layout_loops_ring, hellmonk_ecumenical_altar_pennies_from_heaven,
          minmay_liquid_box, minmay_increasing_density
D:3:      layout_rooms, marbit_many_paths, minmay_misc_feat_chi,
          kennysheep_another_room, minmay_fractal_squares_5, uniq_ijyb
D:4:      layout_basic, bloody_trog, temple_green, kennysheep_orc_chapel
D:5:      layout_loops_ring, kennysheep_boxes
Temple:   jpeg_temple_clearing

Skill      XL: |  1  2  3  4  5  6  7 |
---------------+----------------------+-----
Shields        | 3 4 |  4.2
Stealth        | 1 2 3 4 |  4.5
Armour         | 3 |  3.9
Axes           | 3 4 |  4.1
Fighting       | 4 |  4.7

Action                   |  1- 3 |  4- 6 |  7- 9 || total
-------------------------+-------+-------+-------++-------
Melee: War axe           |   121 |   116 |    48 ||   285
 Abil: Spit Poison       |     9 |    17 |     7 ||    33
Evoke: Wand              |       |     1 |     1 ||     2
  Use: Potion            |     1 |       |       ||     1
Armor: Scale mail        |    72 |    64 |    10 ||   146
Dodge: Dodged            |    53 |    46 |    19 ||   118
Block: Buckler           |    25 |    29 |    13 ||    67
